 Dungeon Crawl Stone Soup version 0.26.1-11-gd32895ea62 (webtiles) character file.

Game seed: 8616076344077693045

65959 RepoMan the Bewitcher (level 14, -7/49 (53) HPs)
             Began as a Spriggan Enchanter on July 22, 2021.
             Was the Champion of Jiyva (penitent).
             Killed from afar by an orc sorcerer (37 damage)
             ... with a bolt of negative energy
             ... on level 2 of the Orcish Mines on July 23, 2021.
             The game lasted 02:51:39 (23987 turns).

RepoMan the Bewitcher (Spriggan Enchanter)         Turns: 23987, Time: 02:51:40

HP:   -7/49 (53)    AC:  6    Str:  4    XL:     14   Next: 77%
MP:   8/31          EV: 34    Int: 20    God:    Jiyva [*]
Gold: 991           SH:  0    Dex: 24    Spells: 10/38 levels left

rFire    + . .     SeeInvis +   r - +8 rapier "Zoyzanag" {vorpal, Dex+2}
rCold    + . .     Faith    .   (shield restricted)
rNeg     . . .     Spirit   .   D - +0 steam dragon scales
rPois    .         Reflect  .   (helmet restricted)
rElec    .         Harm     .   n - +0 cloak {Will+}
rCorr    .         Rampage  .   (gloves unavailable)
Will     +++..                  (boots unavailable)
Stlth    +++++++...             (no amulet)
HPRegen  0.16/turn              x - +6 ring of strength
MPRegen  0.22/turn              h - ring of flight

@: drained, very quick
A: very small, unfitting armour, see invisible, agile 1, cold resistance 1, fire
resistance 1, speed 3, frail 1, screaming 1, weak 2
a: Renounce Religion, Evoke Flight


You were on level 2 of the Orcish Mines.
You worshipped Jiyva.
Jiyva was demanding penance.
You visited 4 branches of the dungeon, and saw 19 of its levels.
You also visited: Sewer and Bailey.

You collected 1619 gold pieces.
You spent 628 gold pieces at shops.

Inventory:

Hand Weapons
 r - the +8 rapier "Zoyzanag" (weapon) {vorpal, Dex+2}
   (You found it on level 1 of the Lair of Beasts)

   It inflicts extra damage upon your enemies.
   It affects your dexterity (+2).
 y - the +7 trident of Cadan {elec, rF+}
   (You found it on level 6 of the Lair of Beasts)

   Occasionally, upon striking a foe, it can discharge electrical energy and
   cause terrible harm.
   It protects you from fire.
 B - a +3 dagger
 O - a +0 dagger of venom
Missiles
 a - 2 curare-tipped darts (quivered)
 m - 5 atropa-tipped darts
Armour
 k - a +2 robe of willpower
 n - a +0 cloak of willpower (worn)
 D - +0 steam dragon scales (worn)
 R - a +1 robe of positive energy
 S - a +0 troll leather armour
Magical Staves
 v - an uncursed staff of conjuration
 L - a cursed staff of poison {unknown}
Jewellery
 h - a ring of flight (right hand)
 x - a +6 ring of strength (left hand)
 N - an uncursed ring of wizardry
Wands
 e - a wand of random effects (31)
 s - a wand of digging (12)
 t - a wand of iceblast (10)
 E - a wand of paralysis (6)
 G - a wand of disintegration (15)
Scrolls
 b - 10 scrolls of teleportation
 f - 4 scrolls of blinking
 g - 3 scrolls of amnesia
 i - 8 scrolls of identify
 q - 2 scrolls of magic mapping
 z - 3 scrolls of noise {unknown}
 C - a scroll of enchant weapon
 F - 4 scrolls of fog
 H - 3 scrolls of immolation
 I - 4 scrolls of remove curse
 J - 3 scrolls of vulnerability {unknown}
 P - a scroll of fear
 Q - a scroll of acquirement {unknown}
Potions
 c - a potion of attraction
 d - a potion of ambrosia
 j - 3 potions of might {unknown}
 l - 3 potions of brilliance
 o - a potion of mutation
 p - a potion of lignification
 u - a potion of haste
 w - a potion of resistance
 A - 3 potions of heal wounds {unknown}
 K - a potion of magic {unknown}
 M - a potion of curing
 T - a potion of invisibility {unknown}


   Skills:
 + Level 11.8 Short Blades
 + Level 15.0 Dodging
 + Level 16.4 Stealth
 + Level 12.9 Spellcasting
 * Level 17.6 Hexes


You had 10 spell levels left.
You knew the following spells:

 Your Spells              Type           Power        Failure   Level
a - Corona                Hex            77%          0%          1
c - Confusing Touch       Hex            70%          0%          3
d - Dazzling Flash        Conj/Hex       96%          1%          3
f - Cause Fear            Hex            35%          1%          4
i - Inner Flame           Hex/Fire       48%          1%          3
p - Portal Projectile     Hex/Tloc       96%          1%          3
s - Slow                  Hex            70%          0%          2
t - Tukima's Dance        Hex            70%          0%          3
x - Fulminant Prism       Conj/Hex       24%          1%          4
z - Ensorcelled Hibernat  Hex/Ice        96%          1%          2

Your spell library contained the following spells:

 Spells                   Type           Power        Failure   Level
 Leda's Liquefaction      Hex/Erth       24%          1%          4
 Magic Dart               Conj           48%          5%          1
 Searing Ray              Conj           24%          8%          2
 Iskenderun's Mystic Bla  Conj/Tloc      12%          45%         4


Dungeon Overview and Level Annotations

Branches:
Dungeon (10/15)            Temple (1/1) D:5            Lair (6/6) D:10
  Swamp (0/4) Lair:3        Snake (0/4) Lair:4        Slime (0/5) Lair:6
    Orc (2/2) D:9             Elf (0/3) Orc:2         Sewer (visited)
 Bailey (visited)

Altars:
Cheibriados
Gozag
Hepliaklqana
Makhleb
Trog
Yredelemnul
The Shining One
Beogh
Jiyva

Shops:
D:4 [   Orc:1 :   Orc:2 :?!

Portals:
Abyss: D:3

Annotations:
D:3 2 transporters, KamiKatze's ghost, amateur KoBe
D:6 Grinder
D:10 Erica
Lair:5 exclusion: 2 oklob plants


Innate Abilities, Weirdness & Mutations

You are very small and have problems with some larger weapons.
You are too small for most types of armour.
You have supernaturally acute eyesight. (SInv)
You cover ground extremely quickly.
You are agile. (Dex +2)
Your flesh is cold resistant. (rC+)
Your flesh is heat resistant. (rF+)
You are frail. (-10% HP)
You occasionally shout uncontrollably at your foes.
You are very weak. (Str -4)


Message History

Aiming: Fulminant Prism (dangerous; 1% risk of failure)
Press: ? - help, Dir - move target You conjure a prism of explosive energy!
A fulminant prism comes into view.
The soul eater closely misses you.
Unknown command.
The soul eater barely misses you.
Your fulminant prism crackles loudly.
Unknown command.
The soul eater misses you. The smoke demon gestures at you.
Something smites you!
The orc sorcerer gestures at you while chanting.
The bolt of negative energy hits the smoke demon.
The smoke demon completely resists.
The bolt of negative energy hits the soul eater.
The soul eater completely resists.
The bolt of negative energy hits you!!!
You feel drained.
Ouch! That really hurt!
You die...

##...## #....####. #####
##....'....
########...######.
#.#..#.....# ####.
#........## #..##
#.....##.# #..'. ##.
###...#..# #..#.
#..*[####...##..#######.
#[)⌠o33@#..####..##...#.
#...4###..## ###.#...#.
##. #### ####'##. #....
##### ### #.. ... ...


You could see a soul eater (summoned), a hellwing (summoned), a smoke demon
(summoned, slow), an orc sorcerer and a friendly fulminant prism.

Vanquished Creatures
  A stone giant (Orc:2)
  Snorg (Lair:4)
  A catoblepas (Lair:6)
  8 hydras
  A boulder beetle (Lair:2)
  2 two-headed ogres
  11 death yaks
  A deep troll shaman (Lair:6)
  Sonja (Lair:1)
  A bog body (Lair:3)
  An orc knight (Orc:2)
  3 lindwurms
  Pikel (D:6)
  An orc sorcerer (Orc:2)
  A cyclops (Orc:1)
  9 elephants
  7 black mambas
  Joseph (Lair:1)
  6 torpor snails
  Maggie (D:7)
  13 cane toads
  4 rime drakes
  8 komodo dragons
  2 hellwings (D:7)
  3 trolls
  2 polar bears
  4 hornets (Lair:3)
  16 blink frogs
  6 dream sheep
  A meliai zombie (D:7)
  27 yaks
  4 basilisks
  Grum (D:8)
  A warg (Orc:2)
  Edmund (D:6)
  3 nagas (Lair:4)
  29 water moccasins
  2 ice beasts
  21 orc warriors
  2 sky beasts
  5 black bears
  2 phantoms
  A necrophage (D:9)
  7 ogres
  38 wolves
  2 centaurs (D:6)
  2 lemures (D:6)
  2 big kobolds (D:9)
  18 bullfrogs
  A gnoll sergeant (D:9)
  2 wyvern zombies (D:7)
  3 scorpions
  6 killer bees (D:9)
  3 centaur zombies
  2 hounds (D:8)
  A jelly (D:7)
  3 bullfrog skeletons
  2 centaur skeletons
  27 orc priests
  16 orc wizards
  A gnoll shaman (Orc:2)
  An iguana (D:4)
  Ijyb (D:5)
  6 worker ants
  A hound skeleton (D:7)
  A worker ant zombie (D:6)
  2 gnolls (D:9)
  11 adders
  8 shadow imps
  2 ufetubi
  5 oozes
  An adder skeleton (D:8)
  4 worms
  2 dart slugs (D:1)
  5 leopard geckos
  72 orcs
  6 giant cockroaches
  4 goblins
  8 hobgoblins
  15 jackals
  3 quokkas
  2 ball pythons
  10 bats
  5 frilled lizards
  7 kobolds
  A quokka skeleton (D:4)
  8 rats
544 creatures vanquished.

Vanquished Creatures (collateral kills)
  A stone giant (Orc:2)
  Erolcha (Orc:2)
  A two-headed ogre (Orc:2)
  2 orc knights
  2 orc sorcerers (Orc:2)
  A troll (Orc:2)
  12 orc warriors
  4 ogres (Orc:2)
  A big kobold (D:9)
  A gnoll sergeant (D:9)
  2 orc priests (Orc:1)
  A gnoll shaman (Orc:2)
  An orc wizard (Orc:1)
  3 gnolls (D:9)
  9 orcs
42 creatures vanquished.

Vanquished Creatures (others)
  A two-headed ogre (Orc:2)
  An orc knight (Orc:2)
  A dancing weapon (D:9)
  4 orc warriors
  23 jellies
  4 orc priests
  4 orc wizards
  9 orcs
  10 fulminant prisms (Orc:2)
  30 fungi
  66 plants
  11 withered plants (D:7)
164 creatures vanquished.

Grand Total: 750 creatures vanquished

Notes
Turn   | Place    | Note
-------+----------+-------------------------------------------
     0 | D:1      | RepoMan the Spriggan Enchanter began the quest for the Orb.
     0 | D:1      | Reached XP level 1. HP: 9/9 MP: 5/5
   406 | D:1      | Reached XP level 2. HP: 7/13 MP: 6/6
   409 | D:1      | Learned a level 2 spell: Ensorcelled Hibernation
   810 | D:1      | Reached skill level 4 in Hexes
   954 | D:1      | Reached XP level 3. HP: 16/16 MP: 8/8
  1788 | D:2      | Reached skill level 5 in Stealth
  2132 | D:2      | Reached XP level 4. HP: 21/21 MP: 9/9
  2273 | D:2      | Learned a level 3 spell: Confusing Touch
  2277 | D:2      | Learned a level 3 spell: Tukima's Dance
  2769 | D:3      | Reached skill level 5 in Hexes
  2769 | D:3      | Reached XP level 5. HP: 24/24 MP: 8/11
  3144 | D:3      | Found a transporter.
  3147 | D:3      | Found a one-way gate to the infinite horrors of the Abyss.
  3147 | D:3      | Noticed KamiKatze's ghost (amateur KoBe)
  3158 | D:3      | Noticed a small abomination
  3287 | D:3      | Identified the +8 whip of the Hand {distort, rN+}
  3291 | D:3      | Found a transporter.
  3301 | D:3      | Noticed a small abomination
  3954 | D:4      | Noticed a sky beast
  3972 | D:4      | Killed a sky beast
  3973 | D:4      | Reached XP level 6. HP: 28/28 MP: 7/13
  4092 | D:4      | Reached skill level 5 in Dodging
  4092 | D:4      | Reached skill level 6 in Hexes
  4099 | D:4      | Learned a level 3 spell: Dazzling Flash
  4299 | D:4      | Found Teeh's Armour Boutique.
  4363 | D:4      | Reached XP level 7. HP: 32/32 MP: 9/14
  4846 | D:5      | Entered Level 5 of the Dungeon
  4853 | D:5      | Found a staircase to the Ecumenical Temple.
  4915 | D:5      | Found a glowing drain.
  4925 | Sewer    | Entered a sewer
  5176 | D:5      | Reached skill level 7 in Hexes
  5522 | D:5      | Noticed Ijyb
  5546 | D:5      | Killed Ijyb
  5573 | D:5      | Reached skill level 5 in Spellcasting
  5821 | D:5      | Reached XP level 8. HP: 36/36 MP: 13/16
  5925 | Temple   | Entered the Ecumenical Temple
  6368 | D:6      | Noticed Grinder
  6485 | D:6      | Noticed Edmund
  6499 | D:6      | Killed Edmund
  6500 | D:6      | Reached skill level 8 in Hexes
  6720 | D:6      | Noticed Pikel
  6724 | D:6      | Killed Pikel
  6725 | D:6      | Reached skill level 5 in Short Blades
  7320 | D:7      | Noticed a hellwing
  7361 | D:7      | Reached skill level 9 in Hexes
  7361 | D:7      | Reached XP level 9. HP: 39/39 MP: 15/19
  7451 | D:7      | Found a flagged portal.
  7476 | Bailey   | Entered a bailey
  7476 | Bailey   | Noticed an orc knight
  7476 | Bailey   | Noticed an orc knight
  7511 | Bailey   | Killed an orc knight
  7512 | Bailey   | Reached skill level 10 in Hexes
  7858 | D:7      | Noticed a hellwing
  7879 | D:7      | Killed a hellwing
  8042 | D:7      | Reached skill level 10 in Stealth
  8116 | D:7      | Reached XP level 10. HP: 44/44 MP: 9/22
  8200 | D:7      | Noticed Maggie
  8228 | D:7      | Killed Maggie
  8996 | D:8      | Noticed Grum
  9010 | D:8      | Reached skill level 11 in Hexes
  9033 | D:8      | Killed Grum
  9922 | D:8      | Found a burning altar of Makhleb.
  9925 | D:8      | Found an opulent altar of Gozag.
 10098 | D:8      | Found a bloodstained altar of Trog.
 10098 | D:8      | Found a hazy altar of Hepliaklqana.
 10180 | D:9      | Reached skill level 10 in Dodging
 10686 | D:9      | Found a staircase to the Orcish Mines.
 10867 | D:9      | Reached skill level 12 in Hexes
 11164 | D:9      | Reached XP level 11. HP: 45/47 MP: 24/24
 11379 | D:9      | Found a basalt altar of Yredelemnul.
 11381 | D:9      | Noticed a profane servitor
 11388 | D:9      | Found a glowing golden altar of the Shining One.
 11390 | D:9      | Noticed an angel
 11445 | D:10     | Entered Level 10 of the Dungeon
 11527 | D:10     | Noticed Erica
 11540 | D:10     | HP: 1/47 [Erica/+1 scimitar of flaming (5)]
 11564 | D:10     | Found a staircase to the Lair.
 11573 | Lair:1   | Entered Level 1 of the Lair of Beasts
 11918 | Lair:1   | Got a smoking rapier
 11920 | Lair:1   | Identified the +8 rapier "Zoyzanag" {vorpal, Dex+2} (You
                  | found it on level 1 of the Lair of Beasts)
 12010 | Lair:1   | Noticed Joseph
 12027 | Lair:1   | Killed Joseph
 12555 | Lair:1   | Noticed Sonja
 12562 | Lair:1   | Killed Sonja
 12705 | Lair:1   | Reached skill level 13 in Hexes
 12993 | Lair:1   | Found a snail-covered altar of Cheibriados.
 13664 | Lair:2   | Noticed a boulder beetle
 13674 | Lair:2   | Killed a boulder beetle
 14001 | Lair:2   | Reached skill level 10 in Spellcasting
 14222 | Lair:2   | Reached XP level 12. HP: 51/51 MP: 22/27
 14601 | Lair:3   | Noticed a five-headed hydra
 14747 | Lair:3   | Killed a five-headed hydra
 15006 | Lair:3   | Found a staircase to the Swamp.
 15031 | Lair:3   | Reached skill level 14 in Hexes
 16485 | Lair:4   | Noticed a death yak
 16489 | Lair:4   | Noticed a death yak
 16492 | Lair:4   | Killed a death yak
 16493 | Lair:4   | Reached skill level 15 in Hexes
 16498 | Lair:4   | Killed a death yak
 16499 | Lair:4   | Reached skill level 10 in Short Blades
 16499 | Lair:4   | Reached XP level 13. HP: 55/55 MP: 29/29
 16632 | Lair:4   | Found a staircase to the Snake Pit.
 16806 | Lair:4   | Noticed Snorg
 16864 | Lair:4   | Killed Snorg
 18727 | Lair:5   | Reached skill level 15 in Stealth
 18825 | Lair:5   | Reached skill level 16 in Hexes
 19436 | Lair:6   | Entered Level 6 of the Lair of Beasts
 20132 | Lair:6   | Reached XP level 14. HP: 59/59 MP: 23/31
 20350 | Lair:6   | Found a viscous altar of Jiyva.
 20350 | Lair:6   | Found a staircase to the Slime Pits.
 20354 | Lair:6   | Became a worshipper of Jiyva Juklasch the Shapeless
 20502 | Lair:5   | Learned a level 2 spell: Slow
 20506 | Lair:5   | Learned a level 3 spell: Inner Flame
 20510 | Lair:5   | Learned a level 3 spell: Portal Projectile
 20515 | Lair:5   | Learned a level 4 spell: Cause Fear
 21039 | Lair:6   | Reached skill level 17 in Hexes
 21051 | Lair:6   | Got a translucent trident
 21063 | Lair:6   | Identified the +7 trident of Cadan {elec, rF+} (You found
                  | it on level 6 of the Lair of Beasts)
 21410 | Lair:6   | Reached * piety under Jiyva
 22001 | Orc:1    | Entered Level 1 of the Orcish Mines
 22050 | Orc:1    | Found Owaeth's Book Shoppe.
 22071 | Orc:1    | Bought a book of Conjurations for 450 gold pieces
 22110 | Orc:1    | Learned a level 4 spell: Fulminant Prism
 22233 | Orc:1    | Reached ** piety under Jiyva
 22267 | Orc:1    | Reached *** piety under Jiyva
 22267 | Orc:1    | Gained mutation: Your flesh is heat resistant. (rF+)
                  | [Jiyva's grace]
 22273 | Orc:2    | Entered Level 2 of the Orcish Mines
 22388 | Orc:1    | Reached **** piety under Jiyva
 22422 | Orc:2    | Noticed Erolcha
 22432 | Orc:2    | Killed Erolcha
 22696 | Orc:2    | Gained mutation: You are weak. (Str -2) [Jiyva's grace]
 22717 | Orc:2    | Reached ***** piety under Jiyva
 22767 | Orc:2    | Gained mutation: You occasionally shout uncontrollably at
                  | your foes. [Jiyva's grace]
 22783 | Orc:2    | Gained mutation: You are covered in slimy tendrils that may
                  | disarm your opponents. [Jiyva's grace]
 22798 | Orc:2    | Reached ****** piety under Jiyva
 22841 | Orc:2    | Gained mutation: You are very weak. (Str -4) [Jiyva's
                  | grace]
 23094 | Orc:2    | Found a roughly hewn altar of Beogh.
 23100 | Orc:2    | Gained mutation: Armour fits poorly on your strangely
                  | shaped body. [Jiyva's grace]
 23237 | Orc:2    | Noticed a stone giant
 23255 | Orc:2    | Killed a stone giant
 23256 | Orc:2    | Gained mutation: You are agile. (Dex +2) [Jiyva's grace]
 23269 | Orc:2    | Noticed a stone giant
 23296 | Orc:2    | Killed a stone giant
 23304 | Orc:2    | Found Weparo's Magic Scroll Boutique.
 23309 | Orc:2    | Bought a scroll of fog for 24 gold pieces
 23309 | Orc:2    | Bought a scroll of blinking for 90 gold pieces
 23309 | Orc:2    | Bought a scroll of identify for 24 gold pieces
 23309 | Orc:2    | Bought a scroll of identify for 24 gold pieces
 23355 | Orc:2    | Lost mutation: You are very weak. (Str -4) [Jiyva's grace]
 23360 | Orc:2    | Found Nebbiesolo's Distillery.
 23367 | Orc:2    | Bought a potion of degeneration for 16 gold pieces
 23487 | Orc:2    | Reached skill level 15 in Dodging
 23493 | Orc:2    | Gained mutation: Your flesh is cold resistant. (rC+)
                  | [Jiyva's grace]
 23520 | Orc:2    | Noticed an orc warlord
 23528 | Orc:2    | Was placed under penance by Jiyva
 23545 | Orc:2    | Found Sajaetof's Book Emporium.
 23569 | Orc:2    | Gained mutation: You do not regenerate when monsters are
                  | visible. [the vengeance of Jiyva]
 23569 | Orc:2    | Gained mutation: You are frail. (-10% HP) [the vengeance of
                  | Jiyva]
 23569 | Orc:2    | Gained mutation: You are very frail. (-20% HP) [the
                  | vengeance of Jiyva]
 23664 | Orc:2    | Lost mutation: Armour fits poorly on your strangely shaped
                  | body. [potion of mutation]
 23664 | Orc:2    | Lost mutation: You are agile. (Dex +2) [potion of mutation]
 23664 | Orc:2    | Lost mutation: You are very frail. (-20% HP) [potion of
                  | mutation]
 23664 | Orc:2    | Lost mutation: You are weak. (Str -2) [potion of mutation]
 23665 | Orc:2    | Lost mutation: You do not regenerate when monsters are
                  | visible. [potion of mutation]
 23665 | Orc:2    | Lost mutation: You are covered in slimy tendrils that may
                  | disarm your opponents. [potion of mutation]
 23665 | Orc:2    | Gained mutation: You are weak. (Str -2) [potion of
                  | mutation]
 23665 | Orc:2    | Gained mutation: You are very weak. (Str -4) [potion of
                  | mutation]
 23665 | Orc:2    | Gained mutation: You are agile. (Dex +2) [potion of
                  | mutation]
 23899 | Orc:2    | Found a staircase to the Elven Halls.
 23987 | Orc:2    | Killed from afar by an orc sorcerer

Illustrated notes

Levels and vault maps discovered:
D:1:      zelgadis_glass_arrival_small, layout_basic
D:2:      layout_loops_cross, kennysheep_cluttered_room, minivault_26
D:3:      minmay_chambers_of_threes, layout_loops_ring,
          gammafunk_ghost_abyssal_escape
D:4:      layout_rooms, serial_rivers, chequers_serial_rivers_micro_b,
          chequers_serial_rivers_large_b, chequers_serial_rivers_small_3,
          chequers_serial_rivers_micro_e, chequers_serial_rivers_small_3,
          chequers_serial_rivers_small_a, serial_shops,
          nicolae_shop_behind_doors
D:5:      wander_river, layout_basic, minmay_temple_entry_slanted,
          portal_sewer_entry_d, uniq_ijyb
D:6:      layout_loops_ring, corexii_item_surrounded_by_moat, uniq_pikel,
          uniq_edmund, uniq_grinder
D:7:      cheibrodos_grave_circle, layout_loops_ring, enter_bailey_2,
          uniq_maggie
D:8:      layout_basic, minitemple, gammafunk_temple_overflow_wave, uniq_grum
D:9:      layout_long_grid, grunt_temple_overflow_holy_war,
          kennysheep_orc_monster_closet_entryway
D:10:     minmay_the_grid_square_5x5_4x4 [minmay_the_grid_square_5x5_corner,
          minmay_the_grid_square_5x5_three, minmay_the_grid_square_5x5_detours,
          minmay_the_grid_square_5x5_inner_z,
          minmay_the_grid_square_5x5_pentomino_r,
          minmay_the_grid_square_5x5_prize_snowflake,
          minmay_the_grid_square_5x5_prize_rear_guard,
          minmay_the_grid_square_5x5_bridge, minmay_the_grid_square_5x5_v,
          minmay_the_grid_square_5x5_prize_gold,
          minmay_the_grid_square_5x5_prize_open,
          minmay_the_grid_square_5x5_empty, minmay_the_grid_square_5x5_fat_x,
          minmay_the_grid_square_5x5_n, minmay_the_grid_square_5x5_shuriken,
          minmay_the_grid_square_5x5_beaten_path], layout_long_grid,
          basic_altar, kennysheep_kite_vault, uniq_erica, uniq_harold,
          uniq_josephine
Temple:   regret_index_temple_sphere_string
Lair:1:   layout_long_grid, chequers_serial_rivers_micro_c,
          kennysheep_snail_temple, uniq_joseph, uniq_sonja
Lair:2:   layout_cave_pods
Lair:3:   cheibrodos_lair_overgrown_chateau, layout_long_grid,
          skrybe_swamp_entry_bodies
Lair:4:   layout_roguey, minmay_snake_entry_guardpost_small, uniq_snorg
Lair:5:   layout_regular_city, patterned_corridor, minmay_lair_oklob_chamber
Lair:6:   grunt_lair_end_beastmaster, layout_cave_pods,
          dpeg_slime_entry_enclosed_altar, st_stairs_9
Orc:1:    layout_diamond_mine, serial_shops, nicolae_shop_stone
Orc:2:    pubby_orc_utopia, uniq_erolcha

Skill      XL: |  1  2  3  4  5  6  7  8  9 10 11 12 13 14 |
---------------+-------------------------------------------+-----
Spellcasting   | 3 4 5 6 7 8 10 11 12 | 12.9
Hexes          | 4 5 6 7 9 10 12 13 15 16 17 | 17.6
Stealth        | 5 6 7 8 10 11 12 14 15 16 | 16.4
Short Blades   | 2 3 4 5 6 7 8 10 11 | 11.8
Dodging        | 4 5 6 7 8 10 11 12 14 15 | 15.0

Action                   |  1- 3 |  4- 6 |  7- 9 | 10-12 | 13-15 || total
-------------------------+-------+-------+-------+-------+-------++-------
Melee: Dagger            |    97 |   114 |   244 |   179 |       ||   634
       Short sword       |       |       |    52 |     9 |       ||    61
       Rapier            |       |       |       |   152 |   368 ||   520
Throw: Dart              |       |       |       |     1 |    37 ||    38
 Cast: Corona            |     2 |       |    13 |    10 |       ||    25
       Ensorcelled Hiber |    25 |    55 |    39 |   157 |   209 ||   485
       Confusing Touch   |       |     2 |    28 |    32 |    24 ||    86
       Tukima's Dance    |       |       |     4 |    13 |    24 ||    41
       Dazzling Flash    |       |       |       |     5 |    23 ||    28
       Slow              |       |       |       |       |    18 ||    18
       Fulminant Prism   |       |       |       |       |    11 ||    11
       Cause Fear        |       |       |       |       |     4 ||     4
       Portal Projectile |       |       |       |       |     2 ||     2
 Abil: Stop Flying       |       |       |       |       |     1 ||     1
       Evoke Flight      |       |       |       |       |     1 ||     1
Evoke: Wand              |       |       |     3 |    10 |    17 ||    30
  Use: Scroll            |     7 |       |     8 |     5 |     2 ||    22
       Potion            |       |       |       |     2 |     3 ||     5
 Stab: Sleeping          |    28 |    36 |    39 |   123 |   118 ||   344
       Confused          |       |     2 |    34 |    31 |    22 ||    89
       Paralysed         |       |       |       |     3 |       ||     3
       Invisible         |       |       |       |     4 |    10 ||    14
       Distracted        |       |       |       |       |     1 ||     1
       Fleeing           |       |       |       |       |     1 ||     1
Armor: Robe              |    11 |    15 |    28 |       |       ||    54
       Steam dragon scal |       |       |       |    20 |    15 ||    35
Dodge: Dodged            |    75 |    87 |   206 |   217 |   299 ||   884
